 Dungeon Crawl Stone Soup version 0.22-a0-284-g99d1f74 (webtiles) character file.

39 Amnesiac the Ducker (level 3, 0/19 HPs)
             Began as a Spriggan Fighter on Mar 21, 2018.
             Succumbed to an adder's poison
             ... on level 3 of the Dungeon.
             The game lasted 00:01:41 (986 turns).

Amnesiac the Ducker (Spriggan Fighter)               Turns: 986, Time: 00:01:42

Health: 0/19       AC:  2    Str: 13    XL:     3   Next: 26%
Magic:  4/4        EV: 19    Int:  9    God:
Gold:   63         SH:  6    Dex: 15    Spells: 2/2 levels left

rFire    . . .     SeeInvis +   a - +0 long sword
rCold    . . .     Gourm    .   c - +0 buckler
rNeg     . . .     Faith    .   b - +0 robe
rPois    .         Spirit   .   (helmet restricted)
rElec    .         Reflect  .   (no cloak)
rCorr    .         Harm     .   (gloves unavailable)
MR       .....                  (boots unavailable)
Stlth    +.........             (no amulet)
HPRegen  0.06/turn              (no ring)
MPRegen  0.09/turn              (no ring)

@: lethally poisoned (0 -> -2), very quick
A: very small, unfitting armour, see invisible, herbivore, speed 3, slow
metabolism 2
a: no special abilities


You were on level 3 of the Dungeon.
You were not hungry.

You visited 1 branch of the dungeon, and saw 3 of its levels.

You collected 63 gold pieces.

Inventory:

Hand Weapons
 a - a +0 long sword (weapon)
Missiles
 h - 5 poisoned needles
Armour
 b - a +0 robe (worn)
 c - a +0 buckler (worn)
Scrolls
 e - a scroll of enchant weapon {!r, unknown}
 g - a scroll of identify {!r, unknown}
 i - 3 scrolls of teleportation {!r, unknown}
Potions
 d - a potion of might {!q}
Comestibles
 f - a ration


   Skills:
 + Level 2.7 Fighting
 * Level 2.2 Long Blades
 + Level 4.9 Dodging
 + Level 2.4 Shields


You had 2 spell levels left.
You didn't know any spells.

Dungeon Overview and Level Annotations

Branches:
Dungeon (3/15)

Altars:

Annotations:
D:2 exclusion: 2 worms


Innate Abilities, Weirdness & Mutations

You are very small and have problems with some larger weapons.
You are too small for most types of armour.
You have supernaturally acute eyesight. (SInv)
You are a herbivore.
You cover ground extremely quickly.
You need to consume almost no food.


Message History

You climb upwards.
Level annotation: exclusion: 2 worms
There is a stone staircase leading down here.
You start resting.
You feel sick. x3
You are no longer poisoned.
You start resting.
You start resting.
HP restored.
You start resting.
HP restored.
You climb downwards.
There is a stone staircase leading up, spattered with blood here.
You hit the adder.
The adder is heavily wounded.
The adder misses you. The adder closely misses you.
You hit the adder.
The adder is almost dead.
The adder bites you. You block the adder's attack.
You closely miss the adder.
The adder is almost dead.
The adder barely misses you.
You barely miss the adder.
The adder is almost dead.
The adder barely misses you. The adder misses you.
You hit the adder but do no damage.
The adder is almost dead.
The adder closely misses you. The adder bites you.
You are poisoned.
The adder poisons you!
You hit the adder but do no damage.
The adder is almost dead.
You feel sick. The adder bites you.
* * * LOW HITPOINT WARNING * * *
You are lethally poisoned!
The adder poisons you!
You hit the adder.
You kill the adder!
* * * LOW HITPOINT WARNING * * *
You feel sick.
Okay, then.
* * * LOW HITPOINT WARNING * * *
You feel sick.
There is a lethal amount of poison in your body!
There is a lethal amount of poison in your body!
* * * LOW HITPOINT WARNING * * *
You feel sick.
There is a stone staircase leading down here.
* * * LOW HITPOINT WARNING * * *
You feel sick.
There is a stone staircase leading down here.
* * * LOW HITPOINT WARNING * * *
You feel sick.
* * * LOW HITPOINT WARNING * * *
You feel sick.
* * * LOW HITPOINT WARNING * * *
You feel sick.
* * * LOW HITPOINT WARNING * * *
You feel sick.
* * * LOW HITPOINT WARNING * * *
You feel sick.
* * * LOW HITPOINT WARNING * * *
You feel sick.
Unknown command.
You die...

#.#S# #.#.# #.#.#
###<#.#
#######..†#.#######
..................#####.
#######.###.............
#.# ####.......... #@#
#.#.######.
#.######.#........
#........#########
##########


There were no monsters in sight!

Vanquished Creatures
  An adder (D:3)
  A dart slug (D:1)
  5 orcs (D:3)
  A giant cockroach (D:3)
  A goblin (D:3)
  4 hobgoblins
  4 kobolds
  2 bats (D:1)
  A frilled lizard (D:2)
  2 rats (D:3)
22 creatures vanquished.

Notes
Turn   | Place    | Note
-------+----------+-------------------------------------------
     0 | D:1      | Amnesiac the Spriggan Fighter began the quest for the Orb.
     0 | D:1      | Reached XP level 1. HP: 11/11 MP: 2/2
   273 | D:3      | Reached XP level 2. HP: 15/16 MP: 3/3
   760 | D:2      | Reached XP level 3. HP: 19/19 MP: 4/4
   986 | D:3      | Succumbed to an adder's poison

Vault maps used:
D:1:      nagdon_arrival_double_spiral
D:2:      lemuel_round_altar, gammafunk_temple_overflow_claw
D:3:      hangedman_feature_mirror, kennysheep_generic_room_7

Skill      XL: |  1  2 |
---------------+-------+-----
Long Blades    | 2 |  2.2
Fighting       | |  2.7
Dodging        | |  4.9
Shields        | |  2.4

Action                   || total
-------------------------++-------
Melee: Long sword        ||    61
Armor: Robe              ||     1
Dodge: Dodged            ||    46
Block: Buckler           ||    14
       Rpst.: Long sword ||    12

Table legend:
 A = Spawn XP
 B = Non-spawn XP
 C = Spawn XP percentage of total XP
 D = Spawn monster count
 E = Non-spawn monster count
 F = Spawn count percentage of total count
 G = Total turns spent on level
                    A         B        C        D         E        F      G
               +---------+---------+-------+---------+---------+-------+---------
         Total |       0 |      56 |   0.0 |       0 |      22 |   0.0 |   986
               +---------+---------+-------+---------+---------+-------+---------
           D:1 |       0 |       9 |   0.0 |       0 |       5 |   0.0 |   144
           D:2 |       0 |       5 |   0.0 |       0 |       3 |   0.0 |   299
           D:3 |       0 |      42 |   0.0 |       0 |      14 |   0.0 |   543
               +---------+---------+-------+---------+---------+-------+---------
